 Dungeon Crawl Stone Soup version 0.29.1-15-g9cfb28693d (webtiles) character file.

Game seed: 15584733296173064707

35 Coron the Covered (level 3, -6/33 HPs)
             Began as a Meteoran Fighter on Mar 23, 2023.
             Mangled by a gnoll
             ... wielding a +0 flail
              (8 damage)
             ... on level 3 of the Dungeon.
             The game lasted 00:01:23 (248 turns).

Coron the Covered (Meteoran Fighter)                 Turns: 248, Time: 00:01:24

Health: -6/33      AC:  7    Str: 19    XL:     3   Next: 76%
Magic:  4/4        EV:  9    Int: 10    God:
Gold:   47         SH:  5    Dex: 13    Spells: 2/2 levels left

rFire   . . .      SeeInvis .   a - +0 flail
rCold   . . .      Faith    .   c - +0 buckler
rNeg    . . .      Spirit   .   b - +0 scale mail
rPois   .          Reflect  .   (no helmet)
rElec   .          Harm     .   (no cloak)
rCorr   .          Rampage  .   (no gloves)
Will    .....                   (no boots)
Stlth   ..........              (no amulet)
HPRegen 0.11/turn               (no ring)
MPRegen 0.09/turn               (no ring)

@: glowing
A: sense surroundings 1, otherworldly, glowing, explore regen
a: no special abilities


You were on level 3 of the Dungeon.
You visited 1 branch of the dungeon, and saw 3 of its levels.

You collected 47 gold pieces.

Inventory:

Hand Weapons
 a - a +0 flail (weapon)
Armour
 b - a +0 scale mail (worn)
 c - a +0 buckler (worn)
Scrolls
 e - a scroll of identify {unknown}
 f - a scroll of enchant armour {unknown}
 h - a scroll of noise {unknown}
Potions
 d - 2 potions of might
 g - 3 potions of invisibility {unknown}


   Skills:
 - Level 4.0 Fighting
 - Level 3.0 Maces & Flails
 + Level 4.2 Armour
 - Level 4.0 Shields


You had 2 spell levels left.
You didn't know any spells.
Your spell library was empty.

Dungeon Overview and Level Annotations

Branches:
Dungeon (3/15) Zot: 1540

Altars:


Innate Abilities, Weirdness & Mutations

You passively map a small area around you.
You are easily found by Zot.
You glow in the dark.
You regain HP and MP as you explore.


Message History

You hit the gnoll but do no damage.
The gnoll is severely wounded.
The gnoll hits you but does no damage.
You sock the gnoll!
You kill the gnoll!
The gnoll hits you but does no damage.
Training target 4.0 for Shields reached!
Training target 4.0 for Armour reached!
Your Armour skill increases to level 4!
Your Shields skill increases to level 4!
You have reached level 3!
Your experience leads to an increase in your attributes!
Increase (S)trength, (I)ntelligence, or (D)exterity?
You feel stronger. x2; You feel clever.
You sock the gnoll!
The gnoll is heavily wounded.
The gnoll hits you with a +0 whip.
You hit the gnoll but do no damage.
The gnoll is heavily wounded.
The gnoll hits you with a +0 whip.
You barely miss the gnoll.
The gnoll is heavily wounded.
The gnoll hits you with a +0 whip. x2
You sock the gnoll!
You kill the gnoll!
A bat comes into view.
Training target 4.0 for Fighting reached!
Your Fighting skill increases to level 4!
You need to enable at least one skill for training.
You hit the kobold.
You kill the kobold!
You closely miss the gnoll. You block the gnoll's attack.
You closely miss the gnoll. The gnoll hits you with a +0 flail!
* * * LOW HITPOINT WARNING * * *
The gnoll hits you with a +0 flail.
* * * LOW HITPOINT WARNING * * *
You hit the gnoll.
The gnoll is heavily wounded.
The gnoll hits you with a +0 flail!
You die...

### ##...##
###.######
, ..# ##+##
#.# * #.#
#.# * # * *
#.# * *###
* #.# # *
...,, #.# #
* , .. *
#.# , ,
####.###.#
* * *
*#...bg@..#
...##.#####
, .. *
*##*, , , ,
** * *


You could see a gnoll and a bat.

Vanquished Creatures
  2 gnolls (D:3)
  2 endoplasms (D:1)
  A giant cockroach (D:1)
  4 hobgoblins
  A kobold (D:3)
  A ball python (D:1)
  3 frilled lizards
  2 rats
16 creatures vanquished.

Notes
Turn   | Place    | Note
-------+----------+-------------------------------------------
     0 | D:1      | Coron the Meteoran Fighter began the quest for the Orb.
     0 | D:1      | Reached XP level 1. HP: 19/19 MP: 2/2
    94 | D:1      | Reached XP level 2. HP: 9/26 MP: 3/3
   241 | D:3      | Reached XP level 3. HP: 25/33 MP: 4/4
   247 | D:3      | HP: 1/33 [gnoll/+0 flail (2)]
   248 | D:3      | Mangled by a gnoll

Illustrated notes

Levels and vault maps discovered:
D:1:      dpeg_arrival_rooms_c, layout_rooms, ebering_ecumenical_altar_mist,
          hangedman_abyss_or_decor_stabs
D:2:      layout_basic, minmay_indecisive_spiral
D:3:      layout_loops_corners, trog_hazing_becter, slow_altar_1, serial_shops,
          nicolae_shop_behind_doors, uniq_jessica

Skill      XL: |  1  2  3 |
---------------+----------+-----
Maces & Flails | 3 |  3.0
Armour         | 4 |  4.2
Shields        | 4 |  4.0
Fighting       | 4 |  4.0

Action                   || total
-------------------------++-------
Melee: Flail             ||    38
Armor: Scale mail        ||     9
Dodge: Dodged            ||     8
Block: Buckler           ||     4
